% Time on Ice - LONG BEACH BARACUDAS
Lines # - Real PCT - Wanted PCT - Time Play
Normal Forward
1 - 36% - 36% - 18:58
2 - 31% - 31% - 16:26
3 - 24% - 23% - 12:41
4 - 10% - 10% - 5:18
Normal Defense
1 - 32% - 36% - 16:55
2 - 33% - 31% - 17:51
3 - 26% - 23% - 13:42
4 - 9% - 10% - 4:55
PP Forward
1 - 57% - 55% - 2:38
2 - 43% - 45% - 2:00
PP Defense
1 - 47% - 55% - 2:11
2 - 53% - 45% - 2:27
PK Forward
1 - 71% - 55% - 1:25
2 - 29% - 45% - 0:34
PK Defense
1 - 25% - 55% - 0:30
2 - 75% - 45% - 1:29
PK3 Forward
1 - 0% - 55%
2 - 0% - 45%
PK3 Defense
1 - 0% - 55%
2 - 0% - 45%
44 Forward
1 - 0% - 55%
2 - 0% - 45%
44 Defense
1 - 0% - 55%
2 - 0% - 45%
Last Minute Offensive  - 0:00
Last Minute Defensive  - 0:00
Total
Forward - 60:00
Defense - 60:00
% Time on Ice - SPOKANE KNIGHTS
Lines # - Real PCT - Wanted PCT - Time Play
Normal Forward
1 - 36% - 35% - 19:18
2 - 33% - 35% - 17:43
3 - 21% - 20% - 11:08
4 - 10% - 10% - 5:14
Normal Defense
1 - 24% - 30% - 12:34
2 - 33% - 30% - 17:35
3 - 31% - 20% - 16:21
4 - 13% - 20% - 6:53
PP Forward
1 - 61% - 60% - 1:12
2 - 39% - 40% - 0:47
PP Defense
1 - 39% - 60% - 0:47
2 - 61% - 40% - 1:12
PK Forward
1 - 55% - 50% - 2:33
2 - 45% - 50% - 2:05
PK Defense
1 - 45% - 60% - 2:06
2 - 55% - 40% - 2:32
PK3 Forward
1 - 0% - 60%
2 - 0% - 40%
PK3 Defense
1 - 0% - 60%
2 - 0% - 40%
44 Forward
1 - 0% - 50%
2 - 0% - 50%
44 Defense
1 - 0% - 60%
2 - 0% - 40%
Last Minute Offensive  - 0:00
Last Minute Defensive  - 0:00
Total
Forward - 60:00
Defense - 60:00
Play-by-Play 1st period 0:01 of 1st period - Patrice Bergeron wins face-off versus William Karlsson in neutral zone. 0:08 of 1st period - Shot by Patrice Bergeron. 0:08 of 1st period - Stopped by Pyotr Kochetkov without a rebound. 0:09 of 1st period - Ryan O'Reilly wins face-off versus Anthony Cirelli in LONG BEACH BARACUDAS zone. 0:42 of 1st period - Shot by Ryan O'Reilly. 0:42 of 1st period - Stopped by Frederik Andersen without a rebound. 0:43 of 1st period - Nicklas Backstrom wins face-off versus Cody Glass in SPOKANE KNIGHTS zone. 0:58 of 1st period - Shot by Shane Pinto. 0:58 of 1st period - Stopped by Pyotr Kochetkov without a rebound. 0:59 of 1st period - William Karlsson wins face-off versus Patrice Bergeron in LONG BEACH BARACUDAS zone. 1:09 of 1st period - Jaden Schwartz is hit by Jonathon Merrill and loses puck. 1:13 of 1st period - Icing by Jonathon Merrill. 1:14 of 1st period - Derek Stepan wins face-off versus Patrice Bergeron in SPOKANE KNIGHTS zone. 1:17 of 1st period - Shot by Peyton Krebs. 1:17 of 1st period - Stopped by Frederik Andersen without a rebound. 1:18 of 1st period - Quinton Byfield wins face-off versus William Karlsson in SPOKANE KNIGHTS zone. 1:34 of 1st period - Jaden Schwartz is hit by Jonathon Merrill. 1:52 of 1st period - Shot by Mark Stone. 1:52 of 1st period - Stopped by Frederik Andersen with a rebound. 1:56 of 1st period - Shot by Mark Stone. 1:56 of 1st period - Stopped by Frederik Andersen without a rebound. 1:57 of 1st period - Patrice Bergeron wins face-off versus Cody Glass in SPOKANE KNIGHTS zone. 2:04 of 1st period - Shot by Patrice Bergeron. 2:04 of 1st period - Stopped by Pyotr Kochetkov without a rebound. 2:05 of 1st period - Derek Stepan wins face-off versus Anthony Cirelli in LONG BEACH BARACUDAS zone. 2:11 of 1st period - Minor Penalty to Chad Ruhwedel for Hooking. 2:12 of 1st period - Anthony Cirelli wins face-off versus William Karlsson in SPOKANE KNIGHTS zone. 2:45 of 1st period - Shot by Jaden Schwartz. 2:45 of 1st period - Stopped by Frederik Andersen with a rebound. 2:47 of 1st period - Shot by Mark Stone. 2:47 of 1st period - Stopped by Frederik Andersen without a rebound. 2:48 of 1st period - Ryan O'Reilly wins face-off versus Anthony Cirelli in SPOKANE KNIGHTS zone. 2:49 of 1st period - Shot by Teuvo Teravainen. 2:49 of 1st period - Shot Misses the Net. 2:51 of 1st period - Shot by Matt Irwin. 2:51 of 1st period - Goal by Matt Irwin - LONG BEACH BARACUDAS : 1 - SPOKANE KNIGHTS : 0. 2:52 of 1st period - Ryan O'Reilly wins face-off versus Patrice Bergeron in neutral zone. 2:52 of 1st period - Ryan O'Reilly is hit by Brady Tkachuk. 3:30 of 1st period - Shot by Andreas Athanasiou. 3:30 of 1st period - Deflect By Ryan O'Reilly. 3:30 of 1st period - Stopped by Frederik Andersen without a rebound. 3:31 of 1st period - Anthony Cirelli wins face-off versus Cody Glass in SPOKANE KNIGHTS zone. 3:40 of 1st period - Icing by Derek Grant. 3:41 of 1st period - William Karlsson wins face-off versus Anthony Cirelli in SPOKANE KNIGHTS zone. 3:44 of 1st period - Shot by Mark Stone. 3:44 of 1st period - Stopped by Frederik Andersen without a rebound. 3:45 of 1st period - Nicklas Backstrom wins face-off versus Cody Glass in SPOKANE KNIGHTS zone. 5:02 of 1st period - Minor Penalty to William Karlsson for Slashing. 5:03 of 1st period - Ryan O'Reilly wins face-off versus Patrice Bergeron in LONG BEACH BARACUDAS zone. 5:34 of 1st period - Shot by Patrice Bergeron. 5:34 of 1st period - Stopped by Pyotr Kochetkov with a rebound. 5:36 of 1st period - Shot by Nathan Beaulieu. 5:36 of 1st period - Stopped by Pyotr Kochetkov without a rebound. 5:37 of 1st period - Ryan O'Reilly wins face-off versus Nicklas Backstrom in LONG BEACH BARACUDAS zone. 5:54 of 1st period - Shot by Jaden Schwartz. 5:54 of 1st period - Shot Blocked by Jonathon Merrill. 7:03 of 1st period - Taylor Hall is hit by Nathan Clurman. 7:12 of 1st period - Anthony Cirelli is hit by Anton Stralman. 7:20 of 1st period - Shot by Teuvo Teravainen. 7:20 of 1st period - Stopped by Frederik Andersen with a rebound. 7:29 of 1st period - Shot by Tyler Motte. 7:29 of 1st period - Stopped by Pyotr Kochetkov with a rebound. 7:31 of 1st period - Shot by Tyler Motte. 7:31 of 1st period - Stopped by Pyotr Kochetkov without a rebound. 7:32 of 1st period - William Karlsson wins face-off versus Quinton Byfield in LONG BEACH BARACUDAS zone. 7:45 of 1st period - Shot by William Karlsson. 7:45 of 1st period - Shot Misses the Net. 7:51 of 1st period - Shot by Jaden Schwartz. 7:51 of 1st period - Shot Blocked by Rasmus Kupari. 7:53 of 1st period - Shot by Calvin De Haan. 7:53 of 1st period - Stopped by Frederik Andersen with a rebound. 7:55 of 1st period - Shot by Mark Stone. 7:55 of 1st period - Shot Misses the Net. 7:57 of 1st period - Shot by William Karlsson. 7:57 of 1st period - Deflect By Mark Stone. 7:57 of 1st period - Stopped by Frederik Andersen without a rebound. 7:58 of 1st period - Patrice Bergeron wins face-off versus Ryan O'Reilly in SPOKANE KNIGHTS zone. 8:17 of 1st period - Nathan Clurman is hit by Ryan O'Reilly and loses puck. 8:37 of 1st period - Ryan O'Reilly is hit by Nathan Clurman and loses puck. 8:40 of 1st period - Shot by Ryan O'Reilly. 8:40 of 1st period - Shot Misses the Net. 9:04 of 1st period - William Karlsson is hit by Tyler Motte and loses puck. 9:13 of 1st period - Shot by Anthony Cirelli. 9:13 of 1st period - Shot Misses the Net. 9:35 of 1st period - Shot by Derek Grant. 9:35 of 1st period - Shot Blocked by Alexander Romanov. 10:47 of 1st period - Shot by Quinton Byfield. 10:47 of 1st period - Shot Hit the Post. 10:49 of 1st period - Shot by Rasmus Kupari. 10:49 of 1st period - Stopped by Pyotr Kochetkov with a rebound. 10:52 of 1st period - Rasmus Kupari is hit by Matt Irwin and loses puck. 11:26 of 1st period - Brady Tkachuk is hit by Matt Irwin and loses puck. 11:30 of 1st period - Patrice Bergeron is hit by Matt Irwin and loses puck. 11:35 of 1st period - Shot by Brady Tkachuk. 11:35 of 1st period - Stopped by Pyotr Kochetkov with a rebound. 11:37 of 1st period - Shot by Zach Parise. 11:37 of 1st period - Stopped by Pyotr Kochetkov without a rebound. 11:38 of 1st period - Anthony Cirelli wins face-off versus Cody Glass in LONG BEACH BARACUDAS zone. 11:45 of 1st period - Shot by Tyler Motte. 11:45 of 1st period - Stopped by Pyotr Kochetkov with a rebound. 13:04 of 1st period - Shot by Corey Perry. 13:04 of 1st period - Shot Blocked by Alexander Romanov. 13:07 of 1st period - Icing by Calvin De Haan. 13:08 of 1st period - William Karlsson wins face-off versus Patrice Bergeron in LONG BEACH BARACUDAS zone. 13:08 of 1st period - William Karlsson is hit by Brady Tkachuk. 13:59 of 1st period - Icing by Brady Tkachuk. 14:00 of 1st period - Patrice Bergeron wins face-off versus Cody Glass in SPOKANE KNIGHTS zone. 14:33 of 1st period - Shot by Cody Glass. 14:33 of 1st period - Stopped by Frederik Andersen without a rebound. 14:34 of 1st period - William Karlsson wins face-off versus Nicklas Backstrom in SPOKANE KNIGHTS zone. 14:35 of 1st period - Shot by Mark Stone. 14:35 of 1st period - Stopped by Frederik Andersen with a rebound. 15:06 of 1st period - Nicklas Backstrom is hit by Alexander Romanov and loses puck. 16:32 of 1st period - Seth Jarvis is hit by Nathan Clurman. 16:45 of 1st period - Seth Jarvis is hit by Nathan Clurman. 16:50 of 1st period - Taylor Hall is hit by Nathan Clurman and loses puck. 17:08 of 1st period - Off-side. 17:09 of 1st period - Ryan O'Reilly wins face-off versus Quinton Byfield in neutral zone. 17:32 of 1st period - Shot by Teuvo Teravainen. 17:32 of 1st period - Stopped by Frederik Andersen without a rebound. 17:33 of 1st period - Derek Stepan wins face-off versus Anthony Cirelli in SPOKANE KNIGHTS zone. 17:38 of 1st period - Shot by Seth Jarvis. 17:38 of 1st period - Shot Misses the Net. 17:51 of 1st period - Icing by Matt Irwin. 17:52 of 1st period - Patrice Bergeron wins face-off versus Derek Stepan in LONG BEACH BARACUDAS zone. 19:04 of 1st period - Shot by Derek Grant. 19:04 of 1st period - Shot Blocked by Ryan O'Reilly. 19:06 of 1st period - Shot by Tyler Motte. 19:06 of 1st period - Shot Misses the Net. 19:08 of 1st period - Shot by Tyler Motte. 19:08 of 1st period - Shot Blocked by Teuvo Teravainen. 19:10 of 1st period - Shot by Derek Grant. 19:10 of 1st period - Shot Misses the Net. 19:12 of 1st period - Shot by Tyler Motte. 19:12 of 1st period - Deflect By Derek Grant. 19:12 of 1st period - Stopped by Pyotr Kochetkov with a rebound. 19:48 of 1st period - Shot by Shane Pinto. 19:48 of 1st period - Shot Misses the Net. 19:50 of 1st period - Shot by Shane Pinto. 19:50 of 1st period - Deflect By Nicklas Backstrom. 19:50 of 1st period - Shot Misses the Net. Goals for this period are 1 for LONG BEACH BARACUDAS vs 0 for SPOKANE KNIGHTS. Shots for this period are 15 for LONG BEACH BARACUDAS vs 12 for SPOKANE KNIGHTS. 2nd period 0:01 of 2nd period - William Karlsson wins face-off versus Patrice Bergeron in neutral zone. 0:04 of 2nd period - Zach Parise is hit by Jaden Schwartz. 0:08 of 2nd period - Shot by Patrice Bergeron. 0:08 of 2nd period - Deflect By Brady Tkachuk. 0:08 of 2nd period - Shot Misses the Net. 0:10 of 2nd period - Shot by Zach Parise. 0:10 of 2nd period - Shot Misses the Net. 0:12 of 2nd period - Shot by Zach Parise. 0:12 of 2nd period - Shot Misses the Net. 0:14 of 2nd period - Shot by Zach Parise. 0:14 of 2nd period - Shot Blocked by William Karlsson. 0:16 of 2nd period - Shot by Evan Bouchard. 0:16 of 2nd period - Shot Misses the Net. 0:18 of 2nd period - Shot by Evan Bouchard. 0:18 of 2nd period - Shot Misses the Net. 0:27 of 2nd period - Off-side. 0:28 of 2nd period - Anthony Cirelli wins face-off versus Cody Glass in neutral zone. 0:35 of 2nd period - Shot by Derek Grant. 0:35 of 2nd period - Goal by Derek Grant - LONG BEACH BARACUDAS : 1 - SPOKANE KNIGHTS : 1. 0:36 of 2nd period - Anthony Cirelli wins face-off versus Cody Glass in neutral zone. 1:43 of 2nd period - Shot by Jaden Schwartz. 1:43 of 2nd period - Shot Misses the Net. 2:56 of 2nd period - Shot by Nicklas Backstrom. 2:56 of 2nd period - Deflect By Corey Perry. 2:56 of 2nd period - Shot Misses the Net. 2:58 of 2nd period - Shot by Nathan Clurman. 2:58 of 2nd period - Stopped by Pyotr Kochetkov without a rebound. 2:59 of 2nd period - Anthony Cirelli wins face-off versus Derek Stepan in LONG BEACH BARACUDAS zone. 3:05 of 2nd period - Icing by Justin Braun. 3:06 of 2nd period - Anthony Cirelli wins face-off versus Derek Stepan in LONG BEACH BARACUDAS zone. 3:06 of 2nd period - Anthony Cirelli is hit by Ethan Prow. 3:23 of 2nd period - Icing by Justin Braun. 3:24 of 2nd period - Derek Stepan wins face-off versus Nicklas Backstrom in LONG BEACH BARACUDAS zone. 3:24 of 2nd period - Seth Jarvis is hit by Corey Perry and loses puck. 3:44 of 2nd period - Minor Penalty to Nathan Clurman for Hooking. 3:45 of 2nd period - William Karlsson wins face-off versus Anthony Cirelli in SPOKANE KNIGHTS zone. 4:01 of 2nd period - Off-side. 4:02 of 2nd period - Anthony Cirelli wins face-off versus Ryan O'Reilly in neutral zone. 4:34 of 2nd period - Icing by Matt Irwin. 4:35 of 2nd period - Ryan O'Reilly wins face-off versus Anthony Cirelli in LONG BEACH BARACUDAS zone. 4:55 of 2nd period - Alexander Romanov is hit by Rasmus Kupari and loses puck. 5:50 of 2nd period - Shot by Seth Jarvis. 5:50 of 2nd period - Stopped by Frederik Andersen without a rebound. 5:51 of 2nd period - Patrice Bergeron wins face-off versus Cody Glass in SPOKANE KNIGHTS zone. 6:06 of 2nd period - Shot by Brady Tkachuk. 6:06 of 2nd period - Shot Blocked by Justin Braun. 6:08 of 2nd period - Shot by Brady Tkachuk. 6:08 of 2nd period - Goal by Brady Tkachuk - LONG BEACH BARACUDAS : 1 - SPOKANE KNIGHTS : 2. 6:09 of 2nd period - Ryan O'Reilly wins face-off versus Nicklas Backstrom in neutral zone. 6:24 of 2nd period - Shot by Ryan O'Reilly. 6:24 of 2nd period - Stopped by Frederik Andersen without a rebound. 6:25 of 2nd period - Anthony Cirelli wins face-off versus William Karlsson in SPOKANE KNIGHTS zone. 6:42 of 2nd period - Shot by Jaden Schwartz. 6:42 of 2nd period - Shot Blocked by Evan Bouchard. 6:56 of 2nd period - Shot by William Karlsson. 6:56 of 2nd period - Deflect By Mark Stone. 6:56 of 2nd period - Shot Misses the Net. 6:58 of 2nd period - Shot by Mark Stone. 6:58 of 2nd period - Stopped by Frederik Andersen without a rebound. 6:59 of 2n